Nashville Predators vs Calgary Flames
Created - Thursday, April 10, 2025 at 08:52
Goals
|
| Nashville Predators |
0 |
2 |
0 |
2 |
| Calgary Flames |
1 |
2 |
1 |
4 |
|
Shots
|
| Nashville Predators |
15 |
9 |
6 |
30 |
| Calgary Flames |
19 |
10 |
11 |
40 |
|
1st period
1. Calgary Flames , Chris Kreider 16 (Cale Makar 21) at 14:54 (PP)
Penalties :
Zach Hyman (CGY) for Tripping (Minor) at 0:24, Justin Faulk (NSH) for Hooking (Minor) at 14:38, Kris Letang (CGY) for Hooking (Minor) at 19:13
2nd period
2. Calgary Flames , J.T. Miller 20 (Drew Doughty 12, Cale Makar 22) at 1:17
3. Calgary Flames , Matthew Tkachuk 18 (J.T. Miller 31) at 12:32
4. Nashville Predators , Brandon Montour 7 (Pius Suter 11, Thomas Novak 17) at 13:48
5. Nashville Predators , Trevor Zegras 9 (Colton Sissons 27) at 14:58
Penalties :
Sebastian Aho (CGY) for Roughing (Minor) at 4:30, Drew Doughty (CGY) for High sticking (Minor) at 6:48
3rd period
6. Calgary Flames , Cale Makar 1 (Drew Doughty 13) at 19:33 (SH) (Empty Net)
Penalties :
Jeremy Lauzon (CGY) for Interference (Minor) at 4:38, Timo Meier (NSH) for Interference (Minor) at 14:41, J.T. Miller (CGY) for Tripping (Minor) at 18:56
Goalie Stats
Anthony Stolarz (NSH), 15 saves from 16 shots - (0.938), 17:05 minutes
Thatcher Demko (NSH), 21 saves from 23 shots - (0.913), L, 23-16-4, 42:30 minutes
Ilya Sorokin (CGY), 28 saves from 30 shots - (0.933), W, 28-16-2, 60:00 minutes
Players Stats for Nashville Predators
Player Name G A P +/- PIM S H SB GA TA FO MP PP MP PK MP
------------------------------------------------------------------------------------
Alex DeBrincat 0 0 0 -1 0 3 4 0 0 1 1/1 20:44 5:33 0:12
Alexander Wennberg 0 0 0 -1 0 0 0 0 0 0 0/0 16:54 4:35 0:00
Artem Zub 0 0 0 0 0 2 1 1 0 0 0/0 9:54 0:03 0:00
Ben Chiarot 0 0 0 -1 0 3 1 1 0 0 0/0 23:55 5:22 0:37
Brandon Montour 1 0 1 0 0 1 0 0 0 1 0/0 17:21 5:33 1:38
Colton Sissons 0 1 1 -1 0 2 0 1 2 0 8/23 18:15 4:35 1:14
Dmitri Voronkov 0 0 0 1 0 5 0 0 0 1 0/0 11:49 0:50 0:12
Justin Faulk 0 0 0 1 2 0 0 1 0 1 0/0 18:53 0:00 0:00
Kailer Yamamoto 0 0 0 0 0 0 1 0 0 0 0/0 8:45 0:00 0:00
Pius Suter 0 1 1 1 0 0 2 0 0 0 0/0 12:23 0:50 0:49
Rasmus Andersson 0 0 0 -1 0 0 1 1 0 0 0/0 24:01 5:25 0:37
Ryan Hartman 0 0 0 -1 0 3 3 0 1 0 0/1 18:15 4:35 1:14
Tage Thompson 0 0 0 -1 0 3 1 0 0 1 14/29 20:22 5:33 0:00
Taylor Raddysh 0 0 0 0 0 0 0 1 0 0 0/1 8:45 0:00 0:00
Thomas Novak 0 1 1 1 0 3 1 0 0 0 1/5 11:22 0:38 0:00
Timo Meier 0 0 0 -1 2 1 3 1 3 0 1/1 20:31 5:33 0:00
Travis Sanheim 0 0 0 -1 0 3 2 1 0 1 0/0 25:48 5:33 1:38
Trevor Zegras 1 0 1 0 0 1 1 0 0 0 0/1 9:46 0:12 0:49
Players Stats for Calgary Flames
Player Name G A P +/- PIM S H SB GA TA FO MP PP MP PK MP
------------------------------------------------------------------------------------
Bo Horvat 0 0 0 -1 0 1 0 1 2 0 0/2 10:43 0:00 0:00
Cale Makar 1 2 3 3 0 4 0 1 0 1 0/0 23:17 1:08 5:42
Chris Kreider 1 0 1 2 0 6 1 0 1 1 0/1 20:19 1:11 5:33
Drew Doughty 0 2 2 3 2 2 1 0 0 0 0/0 22:44 1:08 4:49
Filip Hronek 0 0 0 -1 0 1 1 1 0 0 0/0 14:07 0:00 0:04
J.T. Miller 1 1 2 2 2 7 1 0 0 0 17/24 19:43 1:11 4:58
Jake Middleton 0 0 0 -1 0 0 2 1 0 0 0/0 16:38 0:00 2:38
Jeremy Lauzon 0 0 0 -1 2 2 0 1 0 0 0/0 21:39 1:07 4:13
Joel Eriksson Ek 0 0 0 1 0 2 2 0 1 0 0/2 18:53 0:00 5:24
Kris Letang 0 0 0 0 2 2 0 1 0 1 0/0 22:01 1:07 4:30
Mathieu Joseph 0 0 0 -1 0 1 0 0 0 0 0/0 9:02 0:00 0:00
Matthew Tkachuk 1 0 1 1 0 3 3 1 2 0 0/0 14:27 1:11 0:00
Nic Dowd 0 0 0 -1 0 0 2 0 0 0 0/0 9:02 0:00 0:00
Nicholas Paul 0 0 0 -1 0 2 1 0 0 1 3/6 10:23 0:00 1:18
Oliver Bjorkstrand 0 0 0 -1 0 0 0 1 0 0 0/0 10:36 0:00 0:00
Pavel Zacha 0 0 0 -1 0 2 0 1 0 0 1/1 12:03 1:04 0:18
Sebastian Aho 0 0 0 1 2 4 1 0 0 2 15/25 18:52 1:04 4:25
Zach Hyman 0 0 0 0 2 1 0 0 0 0 1/1 14:27 1:04 0:00
3 Stars
1 - Cale Makar (CGY)
2 - J.T. Miller (CGY)
3 - Matthew Tkachuk (CGY)
Power Play
Nashville Predators - 0 on 6 Attempt(s) - 0.00%
Calgary Flames - 1 on 2 Attempt(s) - 50.00%
Penalty Kill
Nashville Predators - 1 on 2 Attempt(s) - 50.00%
- Score 0 goal in Penalty Kill
Calgary Flames - 6 on 6 Attempt(s) - 100.00%
- Score 1 goal in Penalty Kill
Team Stat
Nashville Predators - Hits : 21 - Faceoff Wins : 25 - Blocked Shots : 8 - Penalty Minutes : 4
Calgary Flames - Hits : 15 - Faceoff Wins : 37 - Blocked Shots : 9 - Penalty Minutes : 12
Official
Referees : Jake Brenk and Justin Kea
Linesman : Michel Cormier and Andrew Smith
Game Notes
Anthony Stolarz is injured at 17:05 of 1st period (Right Leg)
Thatcher Demko enters game at 17:05 of 1st period
Cale Makar has scored in a empty net!
Finance
Level 1 -- Attendance: 5027 (83.78%) -- Ticket Income $502,700
Level 2 -- Attendance: 3882 (77.64%) -- Ticket Income $232,920
Level 3 -- Attendance: 2332 (77.73%) -- Ticket Income $81,620
Level 4 -- Attendance: 3767 (75.34%) -- Ticket Income $94,175
Luxury Box -- Attendance: 826 (82.60%) -- Ticket Income $165,200
Game was played at the Scotiabank Saddledome.
Total Attendance: 15834 (79.17%)
Total Ticket Income: $1,076,615
Other Income: $376,815
Total Income: $1,453,430
Nashville Predators
5 vs 5 Forward
Center Left Wing Right Wing Time % Phy DF OF
1 Tage Thompson Timo Meier Alex DeBrincat 37 0 2 3
2 Colton Sissons Alexander Wennberg Ryan Hartman 25 0 2 3
3 Thomas Novak Pius Suter Dmitri Voronkov 20 0 2 3
4 Trevor Zegras Taylor Raddysh Kailer Yamamoto 18 0 2 3
5 vs 5 Defense
Defense Defense Time % Phy DF OF
1 Justin Faulk Brandon Montour 25 1 2 2
2 Artem Zub Travis Sanheim 25 1 4 0
3 Ben Chiarot Rasmus Andersson 25 1 4 0
4 Justin Faulk Travis Sanheim 25 1 3 1
PowerPlay Forward
Center Left Wing Right Wing Time % Phy DF OF
1 Tage Thompson Timo Meier Alex DeBrincat 50 1 1 3
2 Colton Sissons Alexander Wennberg Ryan Hartman 50 1 1 3
PowerPlay Defense
Defense Defense Time % Phy DF OF
1 Brandon Montour Travis Sanheim 50 1 1 3
2 Ben Chiarot Rasmus Andersson 50 2 2 1
Penalty Kill 4 Players Forward
Center Wing Time % Phy DF OF
1 Colton Sissons Ryan Hartman 65 1 2 2
2 Timo Meier Alexander Wennberg 35 1 2 2
Penalty Kill 4 Players Defense
Defense Defense Time % Phy DF OF
1 Brandon Montour Travis Sanheim 60 2 3 0
2 Ben Chiarot Rasmus Andersson 40 1 3 1
Penalty Kill - 3 Players Forward
Forward Time % Phy DF OF
1 Colton Sissons 50 1 2 2
2 Alexander Wennberg 50 1 2 2
Penalty Kill - 3 Players Defense
Defense Defense Time % Phy DF OF
1 Brandon Montour Travis Sanheim 50 1 2 2
2 Ben Chiarot Rasmus Andersson 50 1 2 2
4 vs 4 Forward
Center Wing Time % Phy DF OF
1 Colton Sissons Alex DeBrincat 50 1 2 2
2 Alexander Wennberg Ryan Hartman 50 1 2 2
4 vs 4 Defense
Defense Defense Time % Phy DF OF
1 Brandon Montour Travis Sanheim 60 2 2 1
2 Rasmus Andersson Justin Faulk 40 2 2 1
Last Minutes Offensive
Center Left Wing Right Wing Defense Defense
Colton Sissons Alex DeBrincat Timo Meier Ryan Hartman Brandon Montour
Last Minutes Defensive
Center Left Wing Right Wing Defense Defense
Alexander Wennberg Trevor Zegras Colton Sissons Justin Faulk Travis Sanheim
Goaltenders
Starting : Anthony Stolarz
Backup : Thatcher Demko
Extra Forwards
Normal : Ryan Hartman, Colton Sissons, Pius Suter - PP : Colton Sissons, Thomas Novak - PK : Colton Sissons
Extra Defensemen
Normal : Rasmus Andersson, Brandon Montour, Travis Sanheim - PP : Rasmus Andersson - PK : Ben Chiarot, Travis Sanheim
Penalty Shots
Alex DeBrincat, Tage Thompson, Timo Meier, Ryan Hartman, Thomas Novak
Scratches
Christian Dvorak (Healthy), Victor Olofsson (Healthy), Simon Benoit (Healthy), Mads Sogaard (Healthy), Samuel Ersson (Healthy)
Calgary Flames
5 vs 5 Forward
Center Left Wing Right Wing Time % Phy DF OF
1 J.T. Miller Chris Kreider Matthew Tkachuk 30 0 3 2
2 Sebastian Aho Joel Eriksson Ek Zach Hyman 30 0 3 2
3 Bo Horvat Pavel Zacha Oliver Bjorkstrand 25 0 2 3
4 Nicholas Paul Nic Dowd Mathieu Joseph 15 1 2 2
5 vs 5 Defense
Defense Defense Time % Phy DF OF
1 Drew Doughty Cale Makar 35 0 2 3
2 Kris Letang Jeremy Lauzon 35 0 2 3
3 Filip Hronek Jake Middleton 30 1 2 2
4 Drew Doughty Cale Makar 0 1 2 2
PowerPlay Forward
Center Left Wing Right Wing Time % Phy DF OF
1 J.T. Miller Chris Kreider Matthew Tkachuk 50 1 2 2
2 Sebastian Aho Pavel Zacha Zach Hyman 50 1 2 2
PowerPlay Defense
Defense Defense Time % Phy DF OF
1 Drew Doughty Cale Makar 50 1 2 2
2 Kris Letang Jeremy Lauzon 50 1 2 2
Penalty Kill 4 Players Forward
Center Wing Time % Phy DF OF
1 J.T. Miller Chris Kreider 50 1 2 2
2 Sebastian Aho Joel Eriksson Ek 50 1 2 2
Penalty Kill 4 Players Defense
Defense Defense Time % Phy DF OF
1 Drew Doughty Cale Makar 50 1 2 2
2 Kris Letang Jeremy Lauzon 50 1 2 2
Penalty Kill - 3 Players Forward
Forward Time % Phy DF OF
1 J.T. Miller 50 1 2 2
2 Chris Kreider 50 1 2 2
Penalty Kill - 3 Players Defense
Defense Defense Time % Phy DF OF
1 Drew Doughty Cale Makar 50 1 2 2
2 Kris Letang Jeremy Lauzon 50 1 2 2
4 vs 4 Forward
Center Wing Time % Phy DF OF
1 J.T. Miller Chris Kreider 50 1 2 2
2 Sebastian Aho Joel Eriksson Ek 50 1 2 2
4 vs 4 Defense
Defense Defense Time % Phy DF OF
1 Drew Doughty Cale Makar 50 1 2 2
2 Kris Letang Jeremy Lauzon 50 1 2 2
Last Minutes Offensive
Center Left Wing Right Wing Defense Defense
J.T. Miller Chris Kreider Matthew Tkachuk Drew Doughty Cale Makar
Last Minutes Defensive
Center Left Wing Right Wing Defense Defense
J.T. Miller Chris Kreider Matthew Tkachuk Drew Doughty Cale Makar
Goaltenders
Starting : Ilya Sorokin
Backup : Samuel Montembeault
Extra Forwards
Normal : Nic Dowd, Bo Horvat, Nicholas Paul - PP : Nic Dowd, Bo Horvat - PK : Nicholas Paul
Extra Defensemen
Normal : Filip Hronek, Jake Middleton, Kris Letang - PP : Filip Hronek - PK : Jake Middleton, Kris Letang
Penalty Shots
J.T. Miller, Chris Kreider, Sebastian Aho, Joel Eriksson Ek, Bo Horvat
Scratches
None
% Time on Ice - Nashville Predators
Lines # - Real PCT - Wanted PCT - Time Play
Normal Forward
1 - 32% - 37% - 14:52
2 - 27% - 25% - 12:46
3 - 22% - 20% - 10:17
4 - 19% - 18% - 8:45
Normal Defense
1 - 23% - 25% - 10:53
2 - 20% - 25% - 9:10
3 - 38% - 25% - 17:31
4 - 20% - 25% - 9:06
PP Forward
1 - 53% - 50% - 5:49
2 - 47% - 50% - 5:09
PP Defense
1 - 51% - 50% - 5:33
2 - 49% - 50% - 5:25
PK Forward
1 - 100% - 65% - 2:15
2 - 0% - 35% - 0:00
PK Defense
1 - 73% - 60% - 1:38
2 - 27% - 40% - 0:37
PK3 Forward
1 - 0% - 50%
2 - 0% - 50%
PK3 Defense
1 - 0% - 50%
2 - 0% - 50%
44 Forward
1 - 0% - 50%
2 - 0% - 50%
44 Defense
1 - 0% - 60%
2 - 0% - 40%
Last Minute Offensive - 0:07
Last Minute Defensive - 0:00
Total
Forward - 60:00
Defense - 60:00
|
% Time on Ice - Calgary Flames
Lines # - Real PCT - Wanted PCT - Time Play
Normal Forward
1 - 29% - 30% - 13:31
2 - 29% - 30% - 13:31
3 - 23% - 25% - 10:36
4 - 19% - 15% - 9:02
Normal Defense
1 - 35% - 35% - 16:20
2 - 35% - 35% - 16:20
3 - 30% - 30% - 14:00
4 - 0% - 0% - 0:00
PP Forward
1 - 53% - 50% - 1:11
2 - 47% - 50% - 1:04
PP Defense
1 - 50% - 50% - 1:08
2 - 50% - 50% - 1:07
PK Forward
1 - 51% - 50% - 5:34
2 - 49% - 50% - 5:24
PK Defense
1 - 52% - 50% - 5:42
2 - 48% - 50% - 5:16
PK3 Forward
1 - 0% - 50%
2 - 0% - 50%
PK3 Defense
1 - 0% - 50%
2 - 0% - 50%
44 Forward
1 - 0% - 50%
2 - 0% - 50%
44 Defense
1 - 0% - 50%
2 - 0% - 50%
Last Minute Offensive - 0:00
Last Minute Defensive - 0:07
Total
Forward - 60:00
Defense - 60:00
|
Play-by-Play
1st period
0:01 of 1st period - Tage Thompson wins face-off versus J.T. Miller in neutral zone.
0:11 of 1st period - Off-side.
0:12 of 1st period - Colton Sissons wins face-off versus Sebastian Aho in neutral zone.
0:24 of 1st period - Minor Penalty to Zach Hyman for Tripping.
0:25 of 1st period - J.T. Miller wins face-off versus Tage Thompson in Calgary Flames zone.
0:31 of 1st period - Slapshot by Chris Kreider.
0:31 of 1st period - Stopped by Anthony Stolarz with a rebound.
0:37 of 1st period - J.T. Miller is hit by Timo Meier and loses puck.
0:50 of 1st period - Travis Sanheim is hit by Sebastian Aho and loses puck.
0:57 of 1st period - Snap shot by Tage Thompson.
0:57 of 1st period - Deflect By Joel Eriksson Ek.
0:57 of 1st period - Shot Misses the Net.
0:57 of 1st period - Puck is out of play.
0:58 of 1st period - Sebastian Aho wins face-off versus Colton Sissons in Calgary Flames zone.
2:24 of 1st period - Penalty to Zach Hyman is over, Zach Hyman is back on ice.
4:09 of 1st period - Off-side.
4:10 of 1st period - Sebastian Aho wins face-off versus Thomas Novak in neutral zone.
4:41 of 1st period - Ben Chiarot is hit by Drew Doughty and loses puck.
4:48 of 1st period - Slapshot by Rasmus Andersson.
4:48 of 1st period - Shot Misses the Net.
5:10 of 1st period - Wrist shot by J.T. Miller.
5:10 of 1st period - Shot Misses the Net.
5:25 of 1st period - Icing by Chris Kreider.
5:26 of 1st period - J.T. Miller wins face-off versus Colton Sissons in Calgary Flames zone.
5:41 of 1st period - Wrist shot by J.T. Miller.
5:41 of 1st period - Shot Blocked by Colton Sissons.
5:43 of 1st period - Wrist shot by Chris Kreider.
5:43 of 1st period - Shot Blocked by Artem Zub.
5:45 of 1st period - Wrist shot by Chris Kreider.
5:45 of 1st period - Shot Blocked by Travis Sanheim.
6:09 of 1st period - Wrist shot by J.T. Miller.
6:09 of 1st period - Deflect By Colton Sissons.
6:09 of 1st period - Stopped by Anthony Stolarz with a rebound.
6:11 of 1st period - Slapshot by Jeremy Lauzon.
6:11 of 1st period - Deflect By Colton Sissons.
6:11 of 1st period - Stopped by Anthony Stolarz with a rebound.
6:15 of 1st period - Snap shot by Matthew Tkachuk.
6:15 of 1st period - Stopped by Anthony Stolarz without a rebound.
6:16 of 1st period - Sebastian Aho wins face-off versus Tage Thompson in Nashville Predators zone.
6:19 of 1st period - Slapshot by Sebastian Aho.
6:19 of 1st period - Stopped by Anthony Stolarz without a rebound.
6:20 of 1st period - Sebastian Aho wins face-off versus Tage Thompson in Nashville Predators zone.
6:23 of 1st period - Wrist shot by Joel Eriksson Ek.
6:23 of 1st period - Stopped by Anthony Stolarz with a rebound.
6:33 of 1st period - Snap shot by Tage Thompson.
6:33 of 1st period - Shot Misses the Net.
8:20 of 1st period - Kailer Yamamoto is hit by Nic Dowd and loses puck.
8:33 of 1st period - Zach Hyman is hit by Artem Zub and loses puck.
9:12 of 1st period - Slapshot by Ryan Hartman.
9:12 of 1st period - Stopped by Ilya Sorokin without a rebound.
9:13 of 1st period - Nicholas Paul wins face-off versus Colton Sissons in Calgary Flames zone.
9:46 of 1st period - Slapshot by Bo Horvat.
9:46 of 1st period - Stopped by Anthony Stolarz without a rebound.
9:47 of 1st period - Tage Thompson wins face-off versus Sebastian Aho in Nashville Predators zone.
9:58 of 1st period - Slapshot by Alex DeBrincat.
9:58 of 1st period - Stopped by Ilya Sorokin with a rebound.
10:23 of 1st period - Snap shot by Dmitri Voronkov.
10:23 of 1st period - Stopped by Ilya Sorokin with a rebound.
10:25 of 1st period - Slapshot by Travis Sanheim.
10:25 of 1st period - Stopped by Ilya Sorokin with a rebound.
10:37 of 1st period - Matthew Tkachuk is hit by Trevor Zegras and loses puck.
10:58 of 1st period - Snap shot by Joel Eriksson Ek.
10:58 of 1st period - Shot Misses the Net.
11:20 of 1st period - Slapshot by Nicholas Paul.
11:20 of 1st period - Stopped by Anthony Stolarz without a rebound.
11:21 of 1st period - Sebastian Aho wins face-off versus Ryan Hartman in Nashville Predators zone.
12:24 of 1st period - Snap shot by Thomas Novak.
12:24 of 1st period - Stopped by Ilya Sorokin with a rebound.
12:26 of 1st period - Backhand shot by Ben Chiarot.
12:26 of 1st period - Stopped by Ilya Sorokin without a rebound.
12:27 of 1st period - Tage Thompson wins face-off versus J.T. Miller in Calgary Flames zone.
12:32 of 1st period - Snap shot by Tage Thompson.
12:32 of 1st period - Shot Blocked by Matthew Tkachuk.
12:54 of 1st period - Alexander Wennberg is hit by Jake Middleton and loses puck.
13:05 of 1st period - Snap shot by Joel Eriksson Ek.
13:05 of 1st period - Shot Misses the Net.
13:51 of 1st period - Wrist shot by Matthew Tkachuk.
13:51 of 1st period - Shot Misses the Net.
14:06 of 1st period - Slapshot by Travis Sanheim.
14:06 of 1st period - Stopped by Ilya Sorokin with a rebound.
14:08 of 1st period - Wrist shot by Taylor Raddysh.
14:08 of 1st period - Shot Misses the Net.
14:10 of 1st period - Wrist shot by Travis Sanheim.
14:10 of 1st period - Stopped by Ilya Sorokin with a rebound.
14:12 of 1st period - Slapshot by Artem Zub.
14:12 of 1st period - Deflect By Chris Kreider.
14:12 of 1st period - Stopped by Ilya Sorokin with a rebound.
14:14 of 1st period - Slapshot by Artem Zub.
14:14 of 1st period - Stopped by Ilya Sorokin without a rebound.
14:15 of 1st period - Tage Thompson wins face-off versus Sebastian Aho in Calgary Flames zone.
14:30 of 1st period - Slapshot by Cale Makar.
14:30 of 1st period - Shot Blocked by Justin Faulk.
14:38 of 1st period - Minor Penalty to Justin Faulk for Hooking.
14:39 of 1st period - J.T. Miller wins face-off versus Colton Sissons in Nashville Predators zone.
14:42 of 1st period - Snap shot by Chris Kreider.
14:42 of 1st period - Stopped by Anthony Stolarz without a rebound.
14:43 of 1st period - Colton Sissons wins face-off versus Chris Kreider in Nashville Predators zone.
14:52 of 1st period - Slapshot by Cale Makar.
14:52 of 1st period - Stopped by Anthony Stolarz with a rebound.
14:54 of 1st period - Snap shot by Chris Kreider.
14:54 of 1st period - Goal by Chris Kreider - Nashville Predators : 0 - Calgary Flames : 1.
14:55 of 1st period - J.T. Miller wins face-off versus Tage Thompson in neutral zone.
16:22 of 1st period - Wrist shot by Pavel Zacha.
16:22 of 1st period - Stopped by Anthony Stolarz without a rebound.
16:23 of 1st period - J.T. Miller wins face-off versus Tage Thompson in Nashville Predators zone.
16:33 of 1st period - Icing by Chris Kreider.
16:34 of 1st period - Tage Thompson wins face-off versus J.T. Miller in Calgary Flames zone.
16:53 of 1st period - Wrist shot by Matthew Tkachuk.
16:53 of 1st period - Deflect By Chris Kreider.
16:53 of 1st period - Stopped by Anthony Stolarz with a rebound.
16:55 of 1st period - Wrist shot by Drew Doughty.
16:55 of 1st period - Stopped by Anthony Stolarz with a rebound.
16:57 of 1st period - Slapshot by Drew Doughty.
16:57 of 1st period - Deflect By Chris Kreider.
16:57 of 1st period - Stopped by Anthony Stolarz with a rebound.
17:05 of 1st period - Slapshot by Matthew Tkachuk.
17:05 of 1st period - Stopped by Anthony Stolarz without a rebound.
17:05 of 1st period - Anthony Stolarz from Nashville Predators is injured at 17:05 of 1st period (Right Leg).
17:05 of 1st period - Thatcher Demko enters game.
17:06 of 1st period - Tage Thompson wins face-off versus Sebastian Aho in Nashville Predators zone.
17:20 of 1st period - Wrist shot by Timo Meier.
17:20 of 1st period - Shot Misses the Net.
17:22 of 1st period - Slapshot by Brandon Montour.
17:22 of 1st period - Deflect By Tage Thompson.
17:22 of 1st period - Stopped by Ilya Sorokin with a rebound.
18:04 of 1st period - Drew Doughty is hit by Pius Suter and loses puck.
18:20 of 1st period - Wrist shot by Sebastian Aho.
18:20 of 1st period - Stopped by Thatcher Demko with a rebound.
18:42 of 1st period - Icing by Ben Chiarot.
18:43 of 1st period - Thomas Novak wins face-off versus Bo Horvat in Nashville Predators zone.
18:54 of 1st period - Wrist shot by Dmitri Voronkov.
18:54 of 1st period - Stopped by Ilya Sorokin with a rebound.
18:56 of 1st period - Wrist shot by Ben Chiarot.
18:56 of 1st period - Shot Blocked by Pavel Zacha.
18:58 of 1st period - Slapshot by Ben Chiarot.
18:58 of 1st period - Stopped by Ilya Sorokin with a rebound.
19:06 of 1st period - Wrist shot by Thomas Novak.
19:06 of 1st period - Deflect By Dmitri Voronkov.
19:06 of 1st period - Stopped by Ilya Sorokin with a rebound.
19:10 of 1st period - Slapshot by Thomas Novak.
19:10 of 1st period - Stopped by Ilya Sorokin without a rebound.
19:11 of 1st period - Tage Thompson wins face-off versus Sebastian Aho in Calgary Flames zone.
19:13 of 1st period - Minor Penalty to Kris Letang for Hooking.
19:14 of 1st period - Sebastian Aho wins face-off versus Colton Sissons in Calgary Flames zone.
19:14 of 1st period - Sebastian Aho is hit by Ryan Hartman.
19:24 of 1st period - Off-side.
19:25 of 1st period - J.T. Miller wins face-off versus Colton Sissons in neutral zone.
19:30 of 1st period - Snap shot by Chris Kreider.
19:30 of 1st period - Deflect By J.T. Miller.
19:30 of 1st period - Stopped by Thatcher Demko without a rebound.
19:31 of 1st period - Colton Sissons wins face-off versus Joel Eriksson Ek in Nashville Predators zone.
19:48 of 1st period - Snap shot by Joel Eriksson Ek.
19:48 of 1st period - Deflect By Sebastian Aho.
19:48 of 1st period - Stopped by Thatcher Demko with a rebound.
19:58 of 1st period - J.T. Miller is hit by Timo Meier and loses puck.
Goals for this period are 0 for Nashville Predators vs 1 for Calgary Flames.
Shots for this period are 15 for Nashville Predators vs 19 for Calgary Flames.
2nd period
0:01 of 2nd period - Tage Thompson wins face-off versus Sebastian Aho in neutral zone.
0:10 of 2nd period - Snap shot by Alex DeBrincat.
0:10 of 2nd period - Stopped by Ilya Sorokin with a rebound.
0:12 of 2nd period - Snap shot by Tage Thompson.
0:12 of 2nd period - Stopped by Ilya Sorokin without a rebound.
0:13 of 2nd period - J.T. Miller wins face-off versus Colton Sissons in Calgary Flames zone.
0:26 of 2nd period - Cale Makar is hit by Ryan Hartman and loses puck.
1:13 of 2nd period - Penalty to Kris Letang is over, Kris Letang is back on ice.
1:17 of 2nd period - Wrist shot by J.T. Miller.
1:17 of 2nd period - Goal by J.T. Miller - Nashville Predators : 0 - Calgary Flames : 2.
1:18 of 2nd period - Tage Thompson wins face-off versus Joel Eriksson Ek in neutral zone.
1:39 of 2nd period - Joel Eriksson Ek is hit by Alex DeBrincat and loses puck.
1:50 of 2nd period - Snap shot by Joel Eriksson Ek.
1:50 of 2nd period - Shot Misses the Net.
1:52 of 2nd period - Wrist shot by Zach Hyman.
1:52 of 2nd period - Shot Misses the Net.
1:54 of 2nd period - Wrist shot by Jeremy Lauzon.
1:54 of 2nd period - Deflect By Zach Hyman.
1:54 of 2nd period - Shot Misses the Net.
1:54 of 2nd period - Puck is out of play.
1:55 of 2nd period - J.T. Miller wins face-off versus Colton Sissons in Nashville Predators zone.
3:16 of 2nd period - Snap shot by Joel Eriksson Ek.
3:16 of 2nd period - Shot Misses the Net.
3:30 of 2nd period - Wrist shot by Mathieu Joseph.
3:30 of 2nd period - Stopped by Thatcher Demko with a rebound.
3:32 of 2nd period - Snap shot by Filip Hronek.
3:32 of 2nd period - Stopped by Thatcher Demko without a rebound.
3:33 of 2nd period - Tage Thompson wins face-off versus Nicholas Paul in Nashville Predators zone.
3:44 of 2nd period - Wrist shot by Timo Meier.
3:44 of 2nd period - Stopped by Ilya Sorokin without a rebound.
3:45 of 2nd period - Alex DeBrincat wins face-off versus J.T. Miller in Calgary Flames zone.
4:30 of 2nd period - Minor Penalty to Sebastian Aho for Roughing.
4:31 of 2nd period - J.T. Miller wins face-off versus Tage Thompson in Calgary Flames zone.
4:40 of 2nd period - Snap shot by Tage Thompson.
4:40 of 2nd period - Deflect By Alex DeBrincat.
4:40 of 2nd period - Shot Misses the Net.
4:40 of 2nd period - Puck is out of play.
4:41 of 2nd period - Nicholas Paul wins face-off versus Tage Thompson in Calgary Flames zone.
6:23 of 2nd period - Snap shot by Timo Meier.
6:23 of 2nd period - Shot Misses the Net.
6:25 of 2nd period - Slapshot by Rasmus Andersson.
6:25 of 2nd period - Shot Blocked by Cale Makar.
6:27 of 2nd period - Slapshot by Alex DeBrincat.
6:27 of 2nd period - Stopped by Ilya Sorokin with a rebound.
6:29 of 2nd period - Slapshot by Ben Chiarot.
6:29 of 2nd period - Stopped by Ilya Sorokin without a rebound.
6:30 of 2nd period - Penalty to Sebastian Aho is over, Sebastian Aho is back on ice.
6:30 of 2nd period - Colton Sissons wins face-off versus Bo Horvat in Calgary Flames zone.
6:31 of 2nd period - Snap shot by Ryan Hartman.
6:31 of 2nd period - Stopped by Ilya Sorokin with a rebound.
6:48 of 2nd period - Minor Penalty to Drew Doughty for High sticking.
6:49 of 2nd period - J.T. Miller wins face-off versus Colton Sissons in Calgary Flames zone.
7:15 of 2nd period - Travis Sanheim is hit by J.T. Miller and loses puck.
8:01 of 2nd period - Cale Makar is hit by Pius Suter and loses puck.
8:48 of 2nd period - Penalty to Drew Doughty is over, Drew Doughty is back on ice.
9:22 of 2nd period - Snap shot by Pavel Zacha.
9:22 of 2nd period - Stopped by Thatcher Demko without a rebound.
9:23 of 2nd period - Sebastian Aho wins face-off versus Trevor Zegras in Nashville Predators zone.
9:49 of 2nd period - Nicholas Paul is hit by Travis Sanheim and loses puck.
10:56 of 2nd period - Thomas Novak is hit by Chris Kreider and loses puck.
12:06 of 2nd period - Snap shot by Mathieu Joseph.
12:06 of 2nd period - Shot Blocked by Timo Meier.
12:08 of 2nd period - Slapshot by Kris Letang.
12:08 of 2nd period - Shot Misses the Net.
12:10 of 2nd period - Backhand shot by Kris Letang.
12:10 of 2nd period - Stopped by Thatcher Demko without a rebound.
12:11 of 2nd period - J.T. Miller wins face-off versus Colton Sissons in Nashville Predators zone.
12:12 of 2nd period - Slapshot by Matthew Tkachuk.
12:12 of 2nd period - Shot Misses the Net.
12:14 of 2nd period - Slapshot by Cale Makar.
12:14 of 2nd period - Deflect By Colton Sissons.
12:14 of 2nd period - Stopped by Thatcher Demko with a rebound.
12:16 of 2nd period - Snap shot by Chris Kreider.
12:16 of 2nd period - Deflect By J.T. Miller.
12:16 of 2nd period - Stopped by Thatcher Demko with a rebound.
12:18 of 2nd period - Snap shot by Drew Doughty.
12:18 of 2nd period - Stopped by Thatcher Demko without a rebound.
12:19 of 2nd period - J.T. Miller wins face-off versus Colton Sissons in Nashville Predators zone.
12:32 of 2nd period - Wrist shot by Matthew Tkachuk.
12:32 of 2nd period - Goal by Matthew Tkachuk - Nashville Predators : 0 - Calgary Flames : 3.
12:33 of 2nd period - Sebastian Aho wins face-off versus Tage Thompson in neutral zone.
13:48 of 2nd period - Slapshot by Brandon Montour.
13:48 of 2nd period - Goal by Brandon Montour - Nashville Predators : 1 - Calgary Flames : 3.
13:49 of 2nd period - Sebastian Aho wins face-off versus Tage Thompson in neutral zone.
13:52 of 2nd period - Travis Sanheim is hit by Joel Eriksson Ek and loses puck.
14:15 of 2nd period - Travis Sanheim is hit by Matthew Tkachuk and loses puck.
14:58 of 2nd period - Snap shot by Trevor Zegras.
14:58 of 2nd period - Goal by Trevor Zegras - Nashville Predators : 2 - Calgary Flames : 3.
14:59 of 2nd period - Sebastian Aho wins face-off versus Tage Thompson in neutral zone.
16:17 of 2nd period - Wrist shot by Colton Sissons.
16:17 of 2nd period - Stopped by Ilya Sorokin without a rebound.
16:18 of 2nd period - Sebastian Aho wins face-off versus Tage Thompson in Calgary Flames zone.
16:25 of 2nd period - Jake Middleton is hit by Alex DeBrincat.
16:43 of 2nd period - Trevor Zegras is hit by Filip Hronek and loses puck.
17:05 of 2nd period - Thomas Novak is hit by Nicholas Paul and loses puck.
18:07 of 2nd period - Icing by Rasmus Andersson.
18:08 of 2nd period - Tage Thompson wins face-off versus Sebastian Aho in Nashville Predators zone.
18:08 of 2nd period - Tage Thompson is hit by Joel Eriksson Ek.
18:34 of 2nd period - Snap shot by Sebastian Aho.
18:34 of 2nd period - Shot Misses the Net.
19:22 of 2nd period - Cale Makar is hit by Ben Chiarot.
19:32 of 2nd period - Snap shot by Zach Hyman.
19:32 of 2nd period - Deflect By Sebastian Aho.
19:32 of 2nd period - Stopped by Thatcher Demko without a rebound.
19:33 of 2nd period - J.T. Miller wins face-off versus Taylor Raddysh in Nashville Predators zone.
Goals for this period are 2 for Nashville Predators vs 2 for Calgary Flames.
Shots for this period are 9 for Nashville Predators vs 10 for Calgary Flames.
3rd period
0:01 of 3rd period - J.T. Miller wins face-off versus Tage Thompson in neutral zone.
0:30 of 3rd period - Snap shot by Zach Hyman.
0:30 of 3rd period - Stopped by Thatcher Demko without a rebound.
0:31 of 3rd period - Sebastian Aho wins face-off versus Thomas Novak in Nashville Predators zone.
0:54 of 3rd period - Snap shot by Kris Letang.
0:54 of 3rd period - Deflect By Zach Hyman.
0:54 of 3rd period - Shot Misses the Net.
0:54 of 3rd period - Puck is out of play.
0:55 of 3rd period - Tage Thompson wins face-off versus J.T. Miller in Nashville Predators zone.
0:55 of 3rd period - Tage Thompson is hit by Matthew Tkachuk.
1:13 of 3rd period - Timo Meier is hit by Matthew Tkachuk and loses puck.
2:31 of 3rd period - Wrist shot by Timo Meier.
2:31 of 3rd period - Shot Misses the Net.
2:57 of 3rd period - Snap shot by Trevor Zegras.
2:57 of 3rd period - Shot Blocked by Bo Horvat.
3:07 of 3rd period - Snap shot by Dmitri Voronkov.
3:07 of 3rd period - Stopped by Ilya Sorokin with a rebound.
3:09 of 3rd period - Slapshot by Dmitri Voronkov.
3:09 of 3rd period - Stopped by Ilya Sorokin without a rebound.
3:10 of 3rd period - Zach Hyman wins face-off versus Thomas Novak in Calgary Flames zone.
3:39 of 3rd period - Snap shot by Joel Eriksson Ek.
3:39 of 3rd period - Stopped by Thatcher Demko without a rebound.
3:40 of 3rd period - J.T. Miller wins face-off versus Tage Thompson in Nashville Predators zone.
3:43 of 3rd period - Slapshot by Matthew Tkachuk.
3:43 of 3rd period - Shot Misses the Net.
3:45 of 3rd period - Slapshot by Chris Kreider.
3:45 of 3rd period - Stopped by Thatcher Demko with a rebound.
3:47 of 3rd period - Snap shot by Matthew Tkachuk.
3:47 of 3rd period - Shot Misses the Net.
3:49 of 3rd period - Slapshot by Drew Doughty.
3:49 of 3rd period - Shot Misses the Net.
3:51 of 3rd period - Snap shot by Chris Kreider.
3:51 of 3rd period - Shot Blocked by Rasmus Andersson.
3:53 of 3rd period - Snap shot by J.T. Miller.
3:53 of 3rd period - Stopped by Thatcher Demko with a rebound.
3:55 of 3rd period - Slapshot by Cale Makar.
3:55 of 3rd period - Stopped by Thatcher Demko with a rebound.
3:57 of 3rd period - Snap shot by J.T. Miller.
3:57 of 3rd period - Stopped by Thatcher Demko with a rebound.
4:38 of 3rd period - Minor Penalty to Jeremy Lauzon for Interference.
4:39 of 3rd period - Tage Thompson wins face-off versus J.T. Miller in Calgary Flames zone.
5:10 of 3rd period - Jake Middleton is hit by Ryan Hartman and loses puck.
6:32 of 3rd period - Kris Letang is hit by Travis Sanheim and loses puck.
6:38 of 3rd period - Penalty to Jeremy Lauzon is over, Jeremy Lauzon is back on ice.
6:40 of 3rd period - Icing by Brandon Montour.
6:41 of 3rd period - Pavel Zacha wins face-off versus Thomas Novak in Nashville Predators zone.
7:10 of 3rd period - Snap shot by Brandon Montour.
7:10 of 3rd period - Shot Blocked by Kris Letang.
7:18 of 3rd period - Taylor Raddysh is hit by Nic Dowd and loses puck.
7:33 of 3rd period - Sebastian Aho is hit by Alex DeBrincat and loses puck.
8:21 of 3rd period - Wrist shot by Thomas Novak.
8:21 of 3rd period - Stopped by Ilya Sorokin without a rebound.
8:22 of 3rd period - Timo Meier wins face-off versus Nicholas Paul in Calgary Flames zone.
8:54 of 3rd period - Wrist shot by J.T. Miller.
8:54 of 3rd period - Shot Blocked by Ben Chiarot.
8:58 of 3rd period - Snap shot by J.T. Miller.
8:58 of 3rd period - Shot Blocked by Taylor Raddysh.
9:39 of 3rd period - Wrist shot by Pius Suter.
9:39 of 3rd period - Shot Misses the Net.
9:53 of 3rd period - Wrist shot by Nicholas Paul.
9:53 of 3rd period - Shot Misses the Net.
9:59 of 3rd period - Nic Dowd is hit by Timo Meier and loses puck.
10:24 of 3rd period - Justin Faulk is hit by Jake Middleton and loses puck.
11:03 of 3rd period - Wrist shot by Thomas Novak.
11:03 of 3rd period - Shot Misses the Net.
11:05 of 3rd period - Wrist shot by Pius Suter.
11:05 of 3rd period - Shot Blocked by Jake Middleton.
11:07 of 3rd period - Slapshot by Artem Zub.
11:07 of 3rd period - Shot Blocked by Filip Hronek.
11:38 of 3rd period - Matthew Tkachuk is hit by Kailer Yamamoto and loses puck.
11:51 of 3rd period - Matthew Tkachuk is hit by Rasmus Andersson and loses puck.
11:55 of 3rd period - Icing by Drew Doughty.
11:56 of 3rd period - J.T. Miller wins face-off versus Colton Sissons in Calgary Flames zone.
12:30 of 3rd period - Slapshot by Matthew Tkachuk.
12:30 of 3rd period - Deflect By J.T. Miller.
12:30 of 3rd period - Stopped by Thatcher Demko without a rebound.
12:31 of 3rd period - Sebastian Aho wins face-off versus Tage Thompson in Nashville Predators zone.
13:36 of 3rd period - Icing by Mathieu Joseph.
13:37 of 3rd period - Colton Sissons wins face-off versus Nicholas Paul in Calgary Flames zone.
13:38 of 3rd period - Wrist shot by Ryan Hartman.
13:38 of 3rd period - Shot Misses the Net.
13:40 of 3rd period - Slapshot by Ben Chiarot.
13:40 of 3rd period - Shot Misses the Net.
13:46 of 3rd period - Snap shot by Alex DeBrincat.
13:46 of 3rd period - Shot Misses the Net.
13:52 of 3rd period - Backhand shot by Tage Thompson.
13:52 of 3rd period - Stopped by Ilya Sorokin with a rebound.
14:24 of 3rd period - Snap shot by Colton Sissons.
14:24 of 3rd period - Shot Blocked by Oliver Bjorkstrand.
14:30 of 3rd period - Snap shot by Ryan Hartman.
14:30 of 3rd period - Shot Blocked by Jeremy Lauzon.
14:32 of 3rd period - Wrist shot by Colton Sissons.
14:32 of 3rd period - Stopped by Ilya Sorokin without a rebound.
14:33 of 3rd period - J.T. Miller wins face-off versus Tage Thompson in Calgary Flames zone.
14:41 of 3rd period - Minor Penalty to Timo Meier for Interference.
14:42 of 3rd period - Colton Sissons wins face-off versus Sebastian Aho in Nashville Predators zone.
16:41 of 3rd period - Penalty to Timo Meier is over, Timo Meier is back on ice.
16:49 of 3rd period - Cale Makar is hit by Alex DeBrincat and loses puck.
16:56 of 3rd period - Filip Hronek is hit by Tage Thompson and loses puck.
17:12 of 3rd period - Icing by Filip Hronek.
17:13 of 3rd period - Sebastian Aho wins face-off versus Colton Sissons in Calgary Flames zone.
17:15 of 3rd period - Icing by Filip Hronek.
17:16 of 3rd period - Colton Sissons wins face-off versus Sebastian Aho in Calgary Flames zone.
17:35 of 3rd period - Pavel Zacha is hit by Thomas Novak.
18:05 of 3rd period - Wrist shot by Nicholas Paul.
18:05 of 3rd period - Stopped by Thatcher Demko with a rebound.
18:07 of 3rd period - Slapshot by Nicholas Paul.
18:07 of 3rd period - Shot Misses the Net.
18:45 of 3rd period - Snap shot by Sebastian Aho.
18:45 of 3rd period - Shot Misses the Net.
18:47 of 3rd period - Slapshot by Kris Letang.
18:47 of 3rd period - Stopped by Thatcher Demko with a rebound.
18:49 of 3rd period - Snap shot by Jeremy Lauzon.
18:49 of 3rd period - Stopped by Thatcher Demko without a rebound.
18:50 of 3rd period - Peter Laviolette call a timeout for Nashville Predators.
18:50 of 3rd period - Colton Sissons wins face-off versus J.T. Miller in Nashville Predators zone.
18:56 of 3rd period - Minor Penalty to J.T. Miller for Tripping.
18:57 of 3rd period - Sebastian Aho wins face-off versus Colton Sissons in Calgary Flames zone.
19:08 of 3rd period - Nashville Predators, Thatcher Demko is pulled from the net.
19:10 of 3rd period - Snap shot by Ryan Hartman.
19:10 of 3rd period - Stopped by Ilya Sorokin with a rebound.
19:12 of 3rd period - Snap shot by Travis Sanheim.
19:12 of 3rd period - Shot Misses the Net.
19:25 of 3rd period - Off-side.
19:26 of 3rd period - Tage Thompson wins face-off versus Sebastian Aho in neutral zone.
19:33 of 3rd period - Slapshot by Cale Makar.
19:33 of 3rd period - Goal by Cale Makar - Nashville Predators : 2 - Calgary Flames : 4.
19:33 of 3rd period - Thatcher Demko from Nashville Predators was sent back in the game.
19:34 of 3rd period - Nicholas Paul wins face-off versus Colton Sissons in neutral zone.
Goals for this period are 0 for Nashville Predators vs 1 for Calgary Flames.
Shots for this period are 6 for Nashville Predators vs 11 for Calgary Flames.
Back to the Top